 Dungeon Crawl Stone Soup version 0.26-a0-540-g8a0c9464d7 (webtiles) character file.

Game seed: 6200708537003570801

42 vurker the Sneak (level 3, -4/30 HPs)
             Began as a Formicid Delver on Aug 24, 2020.
             Slain by a centaur
             ... wielding a +0 short sword
              (9 damage)
             ... on level 5 of the Dungeon.
             The game lasted 00:00:25 (325 turns).

vurker the Sneak (Formicid Delver)                   Turns: 325, Time: 00:00:26

Health: -4/30      AC:  3    Str: 17    XL:     3   Next: 80%
Magic:  3/3        EV: 12    Int:  9    God:
Gold:   0          SH:  0    Dex: 12    Spells: 2/2 levels left

rFire    . . .     SeeInvis +   a - +0 hand axe
rCold    . . .     Faith    .   (no shield)
rNeg     . . .     Spirit   .   b - +0 leather armour
rPois    .         Reflect  .   (helmet unavailable)
rElec    .         Harm     .   f - scarf {repulsion}
rCorr    .                      (no gloves)
MR       .....                  (no boots)
Stlth    +++.......             (no amulet)
HPRegen  0.10/turn              (no ring)
MPRegen  0.08/turn              (no ring)

@: repel missiles
A: permanent stasis, dig shafts and tunnels, four strong arms, antennae 3
a: Dig, Shaft Self


You were on level 5 of the Dungeon.
You visited 1 branch of the dungeon, and saw 1 of its levels.

Inventory:

Hand Weapons
 a - a +0 hand axe (weapon)
Armour
 b - a +0 leather armour (worn)
 f - a scarf of repulsion (worn)
   (You found it on level 5 of the Dungeon)
Wands
 v - a wand of digging (3)
Scrolls
 c - a scroll of fog
 d - a scroll of magic mapping
 e - a scroll of fear


   Skills:
 + Level 3.9 Fighting
 * Level 3.3 Axes
 - Level 1.7 Dodging
 - Level 6.0 Stealth


You had 2 spell levels left.
You didn't know any spells.
Your spell library was empty.

Dungeon Overview and Level Annotations

Branches:
Dungeon (5/15)
 Temple: D:4-7

Altars:


Innate Abilities, Weirdness & Mutations

You cannot be hasted, slowed, berserked, paralysed or teleported.
You can dig through walls and to a lower floor.
Your four strong arms can wield two-handed weapons with a shield.
You have a pair of large antennae on your head. (SInv)


Message History

You hit the bullfrog zombie.
You destroy the bullfrog zombie!
Your Axes skill increases to level 3!
You have reached level 2!
You have reached level 3!
Your experience leads to an increase in your attributes!
Increase (S)trength, (I)ntelligence, or (D)exterity?
You feel stronger.
You closely miss the adder. The adder bites you.
* * * LOW HITPOINT WARNING * * *
The adder bites you.
* * * LOW HITPOINT WARNING * * *
You hit the adder but do no damage. The adder bites you but does no damage.
You slash the adder! The adder bites you.
* * * LOW HITPOINT WARNING * * *
The adder misses you.
Unknown command.
Unknown command.
You barely miss the adder. The adder bites you but does no damage.
You hit the adder.
You kill the adder!
You see here an adder corpse.
A centaur comes into view. It is wielding a +0 short sword.
A centaur is nearby!
You extend your mandibles.
You dig through the rock wall.
The centaur shouts!
The centaur unwields a +0 short sword.
The centaur wields a +0 shortbow.
The centaur shoots an arrow.
The arrow barely misses you.
The centaur shoots an arrow.
The arrow closely misses you.
Found a blackened brass ring.
You see here 2 arrows.
You dig through the rock wall.
The centaur shoots an arrow.
The arrow misses you.
You see here an arrow.
You dig through the rock wall.
You retract your mandibles.
You hit the centaur.
The centaur unwields a +0 shortbow.
The centaur wields a +0 short sword.
The centaur hits you but does no damage.
The centaur hits you with a +0 short sword!
You barely miss the centaur.
The centaur hits you with a +0 short sword.
You completely miss the centaur.
The centaur hits you with a +0 short sword.
* * * LOW HITPOINT WARNING * * *
The centaur hits you with a +0 short sword!
* * * LOW HITPOINT WARNING * * *
You hit the centaur but do no damage.
The centaur hits you with a +0 short sword!
You die...

#####
#...#######
#..[......#
.?.#@##
#.###c#
##.##(####.#
#..รท........=
#..#######.#.
#c.#####
#......#
#.##..###.#
#.#...# #.#


You could see a centaur.

Vanquished Creatures
  A bullfrog zombie (D:5)
  An adder (D:5)
2 creatures vanquished.

Notes
Turn   | Place    | Note
-------+----------+-------------------------------------------
     0 | D:5      | vurker the Formicid Delver began the quest for the Orb.
     0 | D:5      | Reached XP level 1. HP: 18/18 MP: 1/1
    33 | D:5      | Reached XP level 2. HP: 7/25 MP: 2/2
    33 | D:5      | Reached XP level 3. HP: 8/30 MP: 3/3
   246 | D:5      | Noticed a centaur
   325 | D:5      | Slain by a centaur

Illustrated notes

Levels and vault maps discovered:
D:5:      layout_loops_ring

Skill      XL: |  1 |
---------------+----+-----
Axes           | 3 |  3.3
Fighting       | |  3.9
Dodging        | |  1.7
Stealth        | |  6.0

Action                   || total
-------------------------++-------
Melee: Hand axe          ||    20
 Abil: Dig               ||     1
Armor: Leather armour    ||     5
Dodge: Dodged            ||    14

Table legend: (Time is in decaauts)
 A = Elapsed time spent in this place.
 B = Non-inter-level travel time spent in this place.
 C = Inter-level travel time spent in this place.
 D = Time resting spent in this place.
 E = Time spent auto-exploring this place.
 F = Levels seen in this place.
 G = Mean time per level.
                   A        B        C        D        E       F      G
               +--------+--------+--------+--------+--------+-----+--------+
         Total |    328 |    328 |      0 |      0 |    283 |   1 |  328.0 |
       Dungeon |    328 |    328 |      0 |      0 |    283 |   1 |  328.0 |
               +--------+--------+--------+--------+--------+-----+--------+

Top non-repeatable levels by time:
     D:5: 328 daAuts
